 Dungeon Crawl Stone Soup version 0.31-a0-1042-ga9834b393d (webtiles) character file.

Game seed: 12461061315813747484

25 kae the Vexing (level 2, -2/20 HPs)
             Began as a Demonspawn Enchanter on Nov 19, 2023.
             Slain by an orc
             ... wielding a +0 morningstar of flaming
              (6 damage)
             ... on level 2 of the Dungeon.
             The game lasted 00:00:52 (1536 turns).

kae the Vexing (Demonspawn Enchanter)               Turns: 1536, Time: 00:00:53

Health: -2/20      AC:  3    Str:  8    XL:     2   Next: 86%
Magic:  2/5        EV: 12    Int: 16    God:
Gold:   86         SH:  0    Dex: 13    Spells: 3/5 levels left

rFire   . . .        a - +1 dagger
rCold   . . .        (no shield)
rNeg    . . .        b - +1 robe
rPois   .            (no helmet)
rElec   .            (no cloak)
rCorr   .            (no gloves)
SInv    .            (no boots)
Will    .....        (no amulet)
Stlth   ++           (no ring)
HPRegen 0.23/turn    (no ring)
MPRegen 0.09/turn

%: no passive effects
@: very slightly contaminated
A: sturdy frame 1
a: no special abilities


You were on level 2 of the Dungeon.
You visited 1 branch of the dungeon, and saw 3 of its levels.

You collected 86 gold pieces.


Innate Abilities, Weirdness & Mutations

Your movements are slightly less encumbered by armour. (ER -2)


   Skills:
 + Level 0.5 Fighting
 * Level 1.4 Short Blades
 + Level 2.0 Dodging
 + Level 2.9 Stealth
 + Level 2.1 Spellcasting
 * Level 3.3 Hexes
 + Level 0.1 Ice Magic


You had 3 spell levels left.
You knew the following spells:

 Your Spells              Type           Power      Damage    Failure   Level
a - Ensorcelled Hibernat  Hex/Ice        14%        N/A       16%         2

Your spell library contained the following spells:

 Spells                   Type           Power      Damage    Failure   Level
 Confusing Touch          Hex            12%        N/A       16%         3
 Tukima's Dance           Hex            12%        N/A       16%         3
 Dazzling Flash           Conj/Hex       14%        N/A       30%         3
 Inner Flame              Hex/Fire       7%         N/A       30%         3
 Flame Wave               Conj/Fire      1%         2d4       90%         4
 Sticky Flame             Conj/Fire      1%         2d3       90%         4

Inventory:

Hand Weapons
 a - a +1 dagger (weapon)
Missiles
 e - 13 stones
 g - a throwing net {=f!f}
 i - 4 poisoned darts
 k - 4 boomerangs
Armour
 b - a +1 robe (worn)
Jewellery
 I - a +6 ring of intelligence
   (You found it on level 1 of the Dungeon)
Scrolls
 h - a scroll of amnesia
 j - a scroll of vulnerability {!r!r}
Potions
 c - 2 potions of invisibility
 n - a potion of mutation {!q}
 p - a potion of enlightenment {unknown}

Dungeon Overview and Level Annotations

Branches:
Dungeon (3/15) Zot: 16456

Altars:

......~~~.~~~~~~~....# #.#...#.
#####♣♣♣♣♣~~..~♣P~...# #.#.....
♣♣♣ ♣♣~♣♣♣♣♣♣#..# #.#.....
##'♣♣♣~.♣ ♣......# #.....##
##...♣♣P.♣♣♣#....## #..#####
##.....♣P~♣♣......# #..#####
##......♣♣.♣♣.#.#..# #..##.##
##..........##......######.......
.'.........'....@................
##.........####.o..######.......#
##.......## ##.#.# #.......#
##.....## ###.# #.......# ##...##
##.## #.......# ##'## ##...##
#.......# #.# ##.....## #...)...#
#.###### #.......# #.......#
##.##...####.....## ####.....


You could see an orc.


Message History

Unknown command.
As you read the scroll labelled RODDOE PICZU, it crumbles to dust.
It is a scroll of identify.
h - a scroll of amnesia Unknown command.
As you read the scroll labelled RUNEST DEHOFYN, it crumbles to dust.
You feel aware of your surroundings.
You sensed 1 altar.
It was a scroll of revelation.
Unknown command.
As you read the scroll labelled TUYSSA NASTY, it crumbles to dust.
It is a scroll of enchant armour.
Your +0 robe glows green for a moment.
As you read the scroll of identify {@r1}, it crumbles to dust.
n - a potion of mutation You start waiting.
A goblin comes into view. It is wielding a +0 dagger.
Unknown command.
A goblin is nearby!
A hobgoblin comes into view.
The hobgoblin shouts!
You hit the goblin. You hit the goblin.
You kill the goblin!
You hit the hobgoblin but do no damage. The hobgoblin hits you. 😕 HP[-2]
You take 2 damage, and now have 18/20 hp.
You hit the hobgoblin. The hobgoblin misses you.
You hit the hobgoblin. The hobgoblin misses you. 😕 HP[+1]
You closely miss the hobgoblin. The hobgoblin hits you.
You completely miss the hobgoblin.
The hobgoblin hits you but does no damage. 😕 HP[-2]
You take 2 damage, and now have 17/20 hp.
You hit the hobgoblin. The hobgoblin hits you.
You are too injured to fight recklessly! 😮 HP[-3]
You take 3 damage, and now have 14/20 hp.
You are too injured to fight recklessly!
You are too injured to fight recklessly!
You are too injured to fight recklessly!
You are too injured to fight recklessly!
The hobgoblin closely misses you. 😮 HP[+1]
You hit the hobgoblin.
You kill the hobgoblin!
There is a stone staircase leading up here.
You start resting.
You feel your willpower return. 😕 HP[+1]
You start resting. 😕 HP[+1]
An orc comes into view. It is wielding a +0 short sword.
An orc comes into view.
It is wielding a +0 morningstar of flaming. 😎 HP[+3]
Your hp is fully restored (20).
There are monsters nearby!
There are monsters nearby!
Casting: Ensorcelled Hibernation (safe; 16% risk of failure)
Confirm with . or Enter, or press ? or * to list all spells.
Aiming: Ensorcelled Hibernation (safe; 16% risk of failure)
Press: ? - help, Shift-Dir - straight line, f - orc
Aim: an orc, wielding a +0 short sword (chance to affect: 58%)
The orc looks drowsy...
The orc shouts!
You hear a shout!
An orc comes into view. It is wielding a +0 whip. 😎 MP[-2]
You lost 2 mp, and now have 3/5 mp.
The helpless orc fails to defend itself.
You puncture the orc!
You kill the orc!
Your Dodging skill increases to level 2!
Casting: Ensorcelled Hibernation (safe; 16% risk of failure)
Confirm with . or Enter, or press ? or * to list all spells.
Aiming: Ensorcelled Hibernation (safe; 16% risk of failure)
Press: ? - help, Shift-Dir - straight line, f - orc
Aim: an orc, wielding a +0 morningstar of flaming and wearing a +0 scale mail (chance to affect: 58%)
You miscast Ensorcelled Hibernation.
You are very lightly contaminated with residual magic.
Nothing appears to happen.
The orc closely misses you. 😎 MP[-2]
You lost 2 mp, and now have 1/5 mp.
The orc attacks as it pursues you! The orc barely misses you.
There is a stone staircase leading up here.
The orc hits you with a +0 morningstar of flaming.
The orc burns you.
You climb upwards.
There is a stone staircase leading down here. 😮 HP[-5]
You take 5 damage, and now have 15/20 hp.
MASSIVE DAMAGE!! (PAUSE)
You hit the orc but do no damage. The orc misses you.
You closely miss the orc.
The orc closely misses you. 😕 HP[+1] MP[+1]
You closely miss the orc.
The orc hits you with a +0 morningstar of flaming!
Ouch! That really hurt!
* * * LOW HITPOINT WARNING * * *
The orc burns you.
You die...

Skill      XL: |  1  2 |
---------------+-------+-----
Short Blades   | 1 |  1.4
Dodging        | 2 |  2.0
Fighting       | |  0.5
Stealth        | |  2.9
Spellcasting   | |  2.1
Hexes          | |  3.3
Ice Magic      | |  0.1

Action                     || total
---------------------------++-------
  Melee: Dagger            ||    68
   Cast: Ensorcelled Hiber ||     1
    Use: Scroll            ||     7
   Stab: Sleeping          ||     4
 Armour: Robe              ||    40
  Dodge: Dodged            ||    31

Levels and vault maps discovered:
D:1:      lordsloth_arrival_two_stooges, layout_loops_cross
D:2:      layout_loops_corners, minivault_14, serial_bayou_crossing
D:3:      layout_loops_ring, mainiacjoe_overflow_brackets

Notes
Turn   | Place    | Note
-------+----------+-------------------------------------------
     0 | D:1      | kae the Demonspawn Enchanter began the quest for the Orb.
     0 | D:1      | Reached XP level 1. HP: 13/13 MP: 3/3
     0 | D:1      | magus.rc [v1.11.3]
     8 | D:1      | You pick up a book of Flames and begin reading...
     8 | D:1      | You add the spells Inner Flame, Sticky Flame and Flame Wave
                  | to your library.
    52 | D:1      | Reached skill level 1 in Short Blades
   583 | D:1      | Gained mutation: Your movements are slightly less
                  | encumbered by armour. (ER -2) [demonic ancestry]
   583 | D:1      | Reached XP level 2. HP: 15/19 MP: 5/5
   586 | D:1      | Learned a level 2 spell: Ensorcelled Hibernation
  1527 | D:3      | Reached skill level 2 in Dodging
  1536 | D:2      | HP: 4/20 [orc/+0 morningstar of flaming (12)]
  1536 | D:2      | Slain by an orc

Vanquished Creatures
  An orc (D:3)
  2 endoplasms
  3 giant cockroaches
  2 goblins
  4 hobgoblins
  2 jackals (D:1)
  3 bats
  2 kobolds (D:2)
  2 rats (D:1)
21 creatures vanquished.

Table legend:
 A = Non-vault XP
 B = Vault XP
 C = Vault XP percentage of total XP
 D = Non-vault monster count
 E = Vault monster count
 F = Vault count percentage of total count
                 A         B        C        D         E       F
            +---------+---------+-------+---------+---------+-------
      Total |      37 |       0 |   0.0 |      21 |       0 |   0.0
            +---------+---------+-------+---------+---------+-------
        D:1 |      15 |       0 |   0.0 |       9 |       0 |   0.0
        D:2 |      15 |       0 |   0.0 |       9 |       0 |   0.0
        D:3 |       7 |       0 |   0.0 |       3 |       0 |   0.0
            +---------+---------+-------+---------+---------+-------

Skill      XL: |  1  2 |
---------------+-------+-----
Short Blades   | 1 |  1.4
Dodging        | 2 |  2.0
Fighting       | |  0.5
Stealth        | |  2.9
Spellcasting   | |  2.1
Hexes          | |  3.3
Ice Magic      | |  0.1

Action                     || total
---------------------------++-------
  Melee: Dagger            ||    68
   Cast: Ensorcelled Hiber ||     1
    Use: Scroll            ||     7
   Stab: Sleeping          ||     4
 Armour: Robe              ||    40
  Dodge: Dodged            ||    31

Illustrated notes

Table legend:
 A = Kills in this place as a percentage of kills in the entire game.
 B = Kills by you in this place as a percentage of kills by you in the entire game.
 C = Kills by friends in this place as a percentage of kills by friends in the entire game.
 D = Other kills in this place as a percentage of other kills in the entire game.
 E = Experience gained in this place as a percentage of experience gained in the entire game.
 F = Experience gained in this place divided by the number of levels of this place that you have seen.
                   A       B       C       D       E      F
               +-------+-------+-------+-------+-------+----------------------
         Total | 100.0 | 100.0 |   N/A |   N/A | 100.0 |  12.3
       Dungeon | 100.0 | 100.0 |   N/A |   N/A | 100.0 |  12.3
               +-------+-------+-------+-------+-------+----------------------

Table legend: (Time is in decaauts)
 A = Elapsed time spent in this place.
 B = Non-inter-level travel time spent in this place.
 C = Inter-level travel time spent in this place.
 D = Time resting spent in this place.
 E = Time spent auto-exploring this place.
 F = Levels seen in this place.
 G = Mean time per level.
                   A        B        C        D        E       F      G
               +--------+--------+--------+--------+--------+-----+--------+
         Total |   1542 |   1511 |     31 |     14 |   1303 |   3 |  514.0 |
       Dungeon |   1542 |   1511 |     31 |     14 |   1303 |   3 |  514.0 |
               +--------+--------+--------+--------+--------+-----+--------+

Top non-repeatable levels by time:
     D:2: 798 daAuts
     D:1: 676 daAuts
     D:3: 68 daAuts
